 Dungeon Crawl Stone Soup version 0.31-a0-981-geadf994542 (webtiles) character file.

Game seed: 11340696524520306216

69 AIAndy the Ruffian (level 4, -7/28 HPs)
             Began as an Octopode Shapeshifter on Nov 1, 2023.
             Mangled by an orc
             ... wielding a +0 trident
              (8 damage)
             ... on level 3 of the Dungeon.
             The game lasted 00:02:24 (1603 turns).

AIAndy the Ruffian (Octopode Shapeshifter)          Turns: 1603, Time: 00:02:24

Health: -7/28      AC:  1    Str: 21    XL:     4   Next: 20%
Magic:  4/4        EV: 13    Int: 12    God:
Gold:   99         SH:  5    Dex: 11    Spells: 3/3 levels left

rFire   . .          .
                       - Unarmed
rCold   . . .        (no shield)
rNeg    . . .        (helmet currently unavailable)
rPois   .            q - amulet of reflection
rElec   .            S - +6 ring of strength
rCorr   .            (no ring)
SInv    .            (no ring)
Will    .....        (no ring)
Stlth   ++           (no ring)
HPRegen 0.24/turn    (no ring)
MPRegen 0.09/turn    (no ring)
                     (no ring)

%: reflection
@: beast-form
A: beast (slay +2), almost no armour, amphibious, 8 rings, camouflage 1,
gelatinous body 1, (nimble swimmer 1), tentacles
a: Begin Untransformation


You were on level 3 of the Dungeon.
You were a hulking beast.
You visited 1 branch of the dungeon, and saw 3 of its levels.

You collected 99 gold pieces.


Innate Abilities, Weirdness & Mutations

You are a hulking beast.
Your limbs bulge with bestial killing power. (Slay +2)
You cannot wear most types of armour.
You are amphibious.
You can wear up to eight rings at the same time.
Your skin changes colour to match your surroundings (Stealth+).
Your rubbery body absorbs attacks. (AC +1, EV +1)
((You are camouflaged when in or above water. (Stealth+)))
You have tentacles for arms and can constrict up to eight enemies at once.


   Skills:
 - Level 1.0 Fighting
 - Level 2.0 Dodging
 + Level 4.0 Unarmed Combat
 + Level 3.9 Shapeshifting


You had 3 spell levels left.
You didn't know any spells.
Your spell library contained the following spells:

 Spells                   Type           Power      Damage    Failure   Level
 Apportation              Tloc           0%         N/A       32%         1
 Jinxbite                 Hex            0%         N/A       45%         2
 Alistair's Intoxication  Tmut/Pois      0%         N/A       100%        5

Inventory:

Hand Weapons
 j - a +3 spear
Armour
 g - a +0 buckler
Jewellery
 q - an amulet of reflection (around mantle)
 S - a +6 ring of strength (left tentacle)
Talismans
 b - a beast talisman
 c - a flux talisman
Scrolls
 f - 3 scrolls of identify {unknown}
 k - a scroll of noise {unknown}
 l - a scroll of fog {unknown}
 m - a scroll of torment {unknown}
 o - a scroll of butterflies {unknown}
 p - a scroll of enchant armour {unknown}
 r - a scroll of immolation {unknown}
Potions
 a - 2 potions of lignification {!q}
 d - a potion of haste {unknown}
 e - 3 potions of resistance {unknown}
 h - a potion of curing {unknown}
 i - 2 potions of attraction {unknown}
 n - 2 potions of heal wounds {unknown}

Dungeon Overview and Level Annotations

Branches:
Dungeon (3/15)

Altars:

.######.#######
####### ......#.## ##.
#....##########..
#...##.............
### ##..........#
#....#####.#
.....##.###.$.# #
##.####..$..###o#####
.............h)......
.##...###....#########
... ......... .
##.#..##... ...##..
.... .... #### ...
#... ...


You could see an orc.


Message History

You tentacle-slap the orc. Your grab misses the orc.
The orc is heavily wounded.
The orc hits you with a +0 trident.
You tentacle-slap the orc. You grab the orc.
You squeeze the orc, but do no damage.
The orc is almost dead.
You constrict the orc.
You kill the orc!
You tentacle-slap the orc. You grab the orc. You squeeze the orc.
You kill the orc!
You barely miss the orc. You grab the orc. You constrict the orc.
The orc hits you from afar with a +0 trident!
* * * LOW HITPOINT WARNING * * *
The orc barely misses you.
You are too injured to fight recklessly!
You are too injured to fight recklessly!
You barely miss the orc. You squeeze the orc.
You kill the orc!
The orc hits you from afar with a +0 trident.
* * * LOW HITPOINT WARNING * * *
You barely miss the orc. You grab the orc. You squeeze the orc!
You kill the orc!
The hobgoblin hits you.
* * * LOW HITPOINT WARNING * * *
The orc hits you from afar with a +0 trident.
* * * LOW HITPOINT WARNING * * *
You tentacle-slap the hobgoblin.
You kill the hobgoblin!
The orc hits you from afar with a +0 trident!
You die...

Skill      XL: |  1  2  3 |
---------------+----------+-----
Unarmed Combat | 4 |  4.0
Fighting       | |  1.0
Dodging        | |  2.0
Shapeshifting  | |  3.9

Action                     |  1- 3 |  4- 6 || total
---------------------------+-------+-------++-------
  Melee: Unarmed           |    60 |     9 ||    69
         Constrict         |    15 |     5 ||    20
         Tentacles         |    10 |     4 ||    14
         Punch             |     4 |       ||     4
   Stab: Sleeping          |     4 |     1 ||     5
 Armour: Skin              |    24 |     7 ||    31
  Dodge: Dodged            |    22 |     1 ||    23

Levels and vault maps discovered:
D:1:      minmay_arrival_five_plusses, layout_loops_ring,
          minmay_misc_feat_tower, minmay_octomino_j4
D:2:      layout_loops_ring
D:3:      layout_rooms, minmay_misc_feat_encased

Notes
Turn   | Place    | Note
-------+----------+-------------------------------------------
     0 | D:1      | AIAndy the Octopode Shapeshifter began the quest for the
                  | Orb.
     0 | D:1      | Reached XP level 1. HP: 13/13 MP: 1/1
   127 | D:1      | Reached XP level 2. HP: 17/18 MP: 2/2
   477 | D:1      | Reached XP level 3. HP: 15/23 MP: 3/3
  1464 | D:2      | Reached skill level 4 in Unarmed Combat
  1464 | D:2      | Reached XP level 4. HP: 28/28 MP: 4/4
  1602 | D:3      | HP: 1/28 [orc/+0 trident (5)]
  1603 | D:3      | Mangled by an orc

Vanquished Creatures
  An adder (D:2)
  4 dart slugs
  4 orcs (D:3)
  2 bats (D:1)
  5 endoplasms
  2 giant cockroaches (D:1)
  6 goblins
  4 hobgoblins
  3 kobolds
  2 quokkas
  6 ball pythons
  3 frilled lizards
  A rat (D:1)
43 creatures vanquished.

Table legend: (Time is in decaauts)
 A = Elapsed time spent in this place.
 B = Non-inter-level travel time spent in this place.
 C = Inter-level travel time spent in this place.
 D = Time resting spent in this place.
 E = Time spent auto-exploring this place.
 F = Levels seen in this place.
 G = Mean time per level.
                   A        B        C        D        E       F      G
               +--------+--------+--------+--------+--------+-----+--------+
         Total |   1597 |   1516 |     81 |      0 |   1261 |   3 |  532.3 |
       Dungeon |   1597 |   1516 |     81 |      0 |   1261 |   3 |  532.3 |
               +--------+--------+--------+--------+--------+-----+--------+

Top non-repeatable levels by time:
     D:1: 807 daAuts
     D:2: 735 daAuts
     D:3: 54 daAuts

Table legend:
 A = Non-vault XP
 B = Vault XP
 C = Vault XP percentage of total XP
 D = Non-vault monster count
 E = Vault monster count
 F = Vault count percentage of total count
                 A         B        C        D         E       F
            +---------+---------+-------+---------+---------+-------
      Total |      96 |       5 |   5.0 |      40 |       3 |   7.0
            +---------+---------+-------+---------+---------+-------
        D:1 |      38 |       5 |  11.6 |      20 |       3 |  13.0
        D:2 |      40 |       0 |   0.0 |      14 |       0 |   0.0
        D:3 |      18 |       0 |   0.0 |       6 |       0 |   0.0
            +---------+---------+-------+---------+---------+-------
